 Dungeon Crawl Stone Soup version 0.32-a0-960-g3814254bd7 (webtiles) character file.

Game seed: 11804034870542415374

1916033 Anon1729 the Swordmaster (level 25, 243/269 HPs)
             Began as a Minotaur Monk on Apr 17, 2024.
             Was a Favourite Plaything of Xom.
             Escaped with the Orb
             ... and 3 runes!
             The game lasted 01:17:20 (51341 turns).

Anon1729 the Swordmaster (Minotaur Monk)           Turns: 51341, Time: 01:17:21

Health: 243/269    AC: 36    Str: 14    XL:     25   Next: 33%
Magic:  31/31      EV:  4    Int: 21    God:    Xom [..*...]
Gold:   2287       SH: 49    Dex: 34    Spells: 24/24 levels left

rFire   + + +        Q - +8 scimitar (flame)
rCold   + + .        s - +18 shield of the Gong {Loud rN+ Will+ rCorr EV-5}
rNeg    + + +        L - +8 gold dragon scales
rPois   +            (helmet unavailable)
rElec   +            n - scarf "Ydymmoil" {shadows, rElec MP+9 Slay+2}
rCorr   +            m - +0 pair of gloves of Zantem {rPois rN+ Str-4 Dex+6}
SInv    .            N - +0 pair of boots "Ucipyes" {rC+ rN+ Regen+}
Will    +....        I - amulet of Xom's Entertainment {Reflect Str+6 SH+5} Stlth
                     W - +4 ring of slaying
HPRegen 1.44/turn    C - ring "Meafoeh" {^Drain Fly Str-5 Int+6 Dex+8}
MPRegen 0.22/turn

%: random rage (3%), reflection
@: weak-willed, flying, studying 2 skills
A: horns 3, retaliatory headbutt, talons 1, iridescent scales 3, large bone
plates 1, berserk 1, clever 2, deformed body, fire resistance 3, mutation
resistance 1, robust 1
0: Orb of Zot
}: 3/15 runes: decaying, serpentine, silver
a: Renounce Religion


You escaped.
You worshipped Xom.
You were a toy of Xom.
You visited 9 branches of the dungeon, and saw 45 of its levels.
You also visited: Gauntlet.

You collected 5918 gold pieces.
You spent 3631 gold pieces at shops.

Inventory:

Hand Weapons
 Q - a +8 scimitar of flaming (weapon)
Missiles
 h - 7 curare-tipped darts (quivered)
Armour
 m - the +0 pair of gloves of Zantem (worn) {rPois rN+ Str-4 Dex+6}
   (You bought it in a shop on level 2 of the Snake Pit)

   Str-4:     It affects your strength (-4).
   Dex+6:     It affects your dexterity (+6).
   rPois:     It protects you from poison.
   rN+:       It protects you from negative energy.
 n - the scarf "Ydymmoil" (worn) {shadows, rElec MP+9 Slay+2}
   (You acquired it on level 15 of the Dungeon)

   Slay+2:    It affects your accuracy & damage with ranged weapons and melee
   (+2).
   rElec:     It insulates you from electricity.
   MP+9:      It affects your magic capacity (+9).
 s - the +18 shield of the Gong (worn) {Loud rN+ Will+ rCorr EV-5}
   (You took it off a meliai on level 5 of the Lair of Beasts)

   Loud:      It is deafeningly noisy when blocking attacks.
   EV-5:      It affects your evasion (-5).
   rN+:       It protects you from negative energy.
   Will+:     It increases your willpower.
   rCorr:     It protects you from acid and corrosion.
 E - +8 storm dragon scales {Bai Suzhen}
 L - +8 gold dragon scales (worn)
 N - the +0 pair of boots "Ucipyes" (worn) {rC+ rN+ Regen+}
   (You found it in a Gauntlet)

   rC+:       It protects you from cold.
   rN+:       It protects you from negative energy.
   Regen+:    It increases your rate of health regeneration.
Jewellery
 a - a ring of flight
 d - a ring of protection from cold
 C - the ring "Meafoeh" (right hand) {^Drain Fly Str-5 Int+6 Dex+8}
   (You found it on level 5 of the Dungeon)

   [ring of intelligence]

   Str-5:     It affects your strength (-5).
   Int+6:     It affects your intelligence (+6).
   Dex+8:     It affects your dexterity (+8).
   Fly:       It grants you flight.
   ^Drain:    It drains your maximum health when unequipped.
 I - the amulet of Xom's Entertainment (around neck) {Reflect Str+6 SH+5}
   (You took it off a vault warden on level 5 of the Vaults)

   [amulet of reflection]

   Reflect:   It reflects blocked missile attacks.
   Str+6:     It affects your strength (+6).
   SH+5:      It affects your SH (+5).
 S - a ring of see invisible
 W - a +4 ring of slaying (left hand)
Wands
 k - a wand of paralysis (60)
 v - a wand of flame (109)
 G - a wand of digging (26)
 M - a wand of mindburst (11)
 O - a wand of acid (49)
 P - a wand of warping (57)
Scrolls
 e - 5 scrolls of brand weapon
 g - 4 scrolls of summoning
 o - 2 scrolls of noise
 p - 2 scrolls of silence
 t - 7 scrolls of vulnerability
 u - 8 scrolls of immolation
 y - 11 scrolls of teleportation
 A - 8 scrolls of poison
 B - 10 scrolls of fear
 F - 5 scrolls of blinking
 J - 12 scrolls of revelation
 V - 11 scrolls of fog
Potions
 b - 3 potions of magic
 c - 3 potions of berserk rage
 f - 14 potions of curing
 i - 4 potions of resistance
 j - a potion of heal wounds
 l - 11 potions of mutation
 q - 4 potions of attraction
 r - 4 potions of enlightenment
 w - 8 potions of might
 x - 3 potions of brilliance
 z - a potion of haste
 D - 3 potions of cancellation
 U - 4 potions of lignification
 Z - 5 potions of ambrosia
Miscellaneous
 H - a condenser vane
 K - a phial of floods
 T - a lightning rod (4/4)
 Y - a box of beasts


   Skills:
 + Level 23.7 Fighting
 O Level 27 Long Blades
 - Level 5.7 Axes
 + Level 23.1 Armour
 - Level 11.5 Dodging
 - Level 9.1 Stealth
 + Level 26.5 Shields
 + Level 16.0 Evocations


You had 24 spell levels left.
You didn't know any spells.
Your spell library contained the following spells:

 Spells                   Type           Power      Damage    Failure   Level
 Apportation              Tloc           0%         N/A       100%        1
 Foxfire                  Conj/Fire      0%         2x1d4     100%        1
 Magic Dart               Conj           0%         1d3       100%        1
 Necrotise                Necr           0%         1d4       100%        1
 Sandblast                Erth           0%         2d4       100%        1
 Slow                     Hex            0%         N/A       100%        1
 Sting                    Conj/Alch      0%         1d3       100%        1
 Summon Small Mammal      Summ           0%         N/A       100%        1
 Blink                    Tloc           0%         N/A       100%        2
 Call Imp                 Summ           0%         N/A       100%        2
 Lesser Beckoning         Tloc           0%         N/A       100%        2
 Mercury Vapours          Alch/Air       0%         N/A       100%        2
 Momentum Strike          Conj/Tloc      0%         3d8       100%        2
 Scorch                   Fire           0%         2d5       100%        2
 Searing Ray              Conj           0%         2d4       100%        2
 Static Discharge         Conj/Air       0%         3-3/arc   100%        2
 Sublimation of Blood     Necr           0%         N/A       100%        2
 Call Canine Familiar     Summ           0%         N/A       100%        3
 Fugue of the Fallen      Necr           0%         N/A       100%        3
 Inner Flame              Hex/Fire       0%         N/A       100%        3
 Passwall                 Erth           0%         N/A       100%        3
 Sigil of Binding         Hex            0%         N/A       100%        3
 Stone Arrow              Conj/Erth      0%         3d7       100%        3
 Teleport Other           Tloc           0%         N/A       100%        3
 Tukima's Dance           Hex            0%         N/A       100%        3
 Airstrike                Air            0%         2d(0-16)  100%        4
 Anguish                  Hex/Necr       0%         N/A       100%        4
 Animate Armour           Summ/Erth      0%         N/A       100%        4
 Animate Dead             Necr           0%         N/A       100%        4
 Cause Fear               Hex            0%         N/A       100%        4
 Dimensional Bullseye     Hex/Tloc       0%         N/A       100%        4
 Flame Wave               Conj/Fire      0%         2d4       100%        4
 Fulminant Prism          Conj/Alch      0%         3d5       100%        4
 Ignite Poison            Fire/Alch      0%         N/A       100%        4
 Leda's Liquefaction      Alch/Erth      0%         N/A       100%        4
 Olgreb's Toxic Radiance  Alch           0%         N/A       100%        4
 Petrify                  Alch/Erth      0%         N/A       100%        4
 Sticky Flame             Fire/Alch      0%         2d4       100%        4
 Summon Blazeheart Golem  Fire/Summ      0%         N/A       100%        4
 Summon Lightning Spire   Summ/Air       0%         N/A       100%        4
 Vhi's Electric Charge    Tloc/Air       0%         N/A       100%        4
 Alistair's Intoxication  Alch           0%         N/A       100%        5
 Arcjolt                  Conj/Air       0%         1d10      100%        5
 Borgnjor's Vile Clutch   Necr/Erth      0%         N/A       100%        5
 Curse of Agony           Necr           0%         N/A       100%        5
 Fireball                 Conj/Fire      0%         3d3       100%        5
 Metabolic Englaciation   Hex/Ice        0%         N/A       100%        5
 Summon Forest            Summ/Tloc      0%         N/A       100%        5
 Summon Mana Viper        Hex/Summ       0%         N/A       100%        5
 Dispersal                Tloc           0%         N/A       100%        6
 Eringya's Noxious Bog    Alch           0%         4d6       100%        6
 Gell's Gavotte           Tloc           0%         2d(11-16) 100%        6
 Plasma Beam              Fire/Air       0%         2x1d10    100%        6
 Starburst                Conj/Fire      0%         6d3       100%        6
 Summon Cactus Giant      Summ           0%         N/A       100%        6
 Haunt                    Necr/Summ      0%         N/A       100%        7
 Malign Gateway           Summ/Tloc      0%         N/A       100%        7
 Monstrous Menagerie      Summ           0%         N/A       100%        7
 Orb of Destruction       Conj           0%         9d5       100%        7
 Rimeblight               Ice/Necr       0%         2d3       (prima100%   7
 Seismic Cannonade        Alch/Erth      0%         6d4       100%        7
 Spellforged Servitor     Conj/Summ      0%         N/A       100%        7
 Summon Hydra             Summ           0%         N/A       100%        7
 Borgnjor's Revivificati  Necr           0%         N/A       100%        8
 Ignition                 Fire           0%         3d3       100%        8
 Infestation              Necr           0%         N/A       100%        8
 Lehudib's Crystal Spear  Conj/Erth      0%         10d2      100%        8
 Summon Horrible Things   Summ           0%         N/A       100%        8
 Death's Door             Necr           0%         N/A       100%        9
 Dragon's Call            Summ           0%         N/A       100%        9


Dungeon Overview and Level Annotations

Branches:
Dungeon (15/15)            Temple (1/1) D:5            Lair (5/5) D:9
  Swamp (4/4) Lair:3        Snake (4/4) Lair:2        Slime (0/5) Lair:4
    Orc (2/2) D:12            Elf (0/3) Orc:2        Vaults (5/5) D:14
  Crypt (0/3) Vaults:3     Depths (4/4) D:15            Zot (5/5) Depths:4
Gauntlet (visited)

Altars:
Ashenzari
Cheibriados
Dithmenos
Elyvilon
Fedhas
Gozag
Hepliaklqana
Kikubaaqudgha
Makhleb
Nemelex Xobeh
Okawaru
Qazlal
Ru
Sif Muna
Trog
Uskayaw
Vehumet
Wu Jian
Xom
Yredelemnul
Zin
The Shining One
Jiyva
Lugonu

Shops:
D:4 (([   Orc:2 *:(*   Snake:1 !   Snake:2 [   Snake:3 [   Snake:4 (***
Vaults:2 =   Vaults:4 [   Vaults:5 [   Depths:4 ?[

Portals:
Hell: Depths:1 Depths:2 Depths:3 Depths:4
Abyss: Lair:5 Depths:3
Pandemonium: Depths:2
Ziggurat: Depths:2
Trove: D:12 (give horn of Geryon)

Annotations:
D:14 2 transporters, PaleRider's ghost, journeyman AtFi; Roxanne
Lair:3 3 runed translucent doors, Xeniriji's ghost, adept MDFi
Vaults:2 3 runed translucent doors, Adap Gie's ghost, adept NaWn; Qotsoore's ghost, adept DsFi; Wiath's ghost, adept DrBr; Ynkabiuw's ghost, adept TrCK
Zot:2 2 runed translucent doors, exclusion: lightning spire, Pirukh's ghost, veteran MiFi


Innate Abilities, Weirdness & Mutations

You have a pair of large horns on your head.
You reflexively headbutt those who attack you in melee.
You have sharp toenails.
You are completely covered in iridescent scales. (AC +6)
You are partially covered in large bone plates. (SH +4)
You sometimes lose your temper in combat.
Your mind is very acute. (Int +8, Str/Dex -2)
Armour fits poorly on your strangely shaped body.
Your flesh is almost immune to the effects of heat. (rF+++)
You are somewhat resistant to further mutation.
You are robust. (+10% HP)


Message History

Xom is highly amused!
The iron shot hits the Hell Sentinel!!
There is a stone staircase leading up here.
The Hell Sentinel gestures at you.
The sphere of damnation explodes!
The damnation engulfs you!!
You hear a hideous shriek!
You fly upwards.
There is a stone staircase leading down here.
What level of the Dungeon? (default 1, ? - help)
Things that are here:
a +0 dagger; a goblin skeleton HP restored.
There is a stone staircase leading up here.
You fly upwards.
There is a stone staircase leading down here.
There is a stone staircase leading up here.
You fly upwards.
There is a stone staircase leading down here.
Okay, then.
You see here a frilled lizard skeleton.
You hear a grinding noise.
There is an open door here.
You hear a grinding noise.
A cacodemon comes into view.
The cacodemon shouts!
The cacodemon gestures at the rock wall.
You hear a grinding noise.
There is a fountain of clear blue water here.
You hear a grinding noise.
The cacodemon gestures at you. You resist with almost no effort.
The cacodemon gestures at you. You resist with almost no effort.
The cacodemon gestures at the rock wall.
You hear a grinding noise.
The cacodemon gestures at you. The bolt of devastation hits you!!
Your willpower is stripped away!
There is a staircase leading out of the dungeon here.
You hear a grinding noise.
You have escaped!

##.........# ..#.#
#.#### #..#.####.#
##2.#.# #....#
#..#.# #.#
######.#.#.###'##..
#..#.# #.#
#...#.#...###...###
#..#.####.#
#.⌠.....⌠.....⌠.#
##..#......#
#...###...###...#
#..........# ##.##
##.## #####
....######.#
#...##....###...#
.>.#######.#
#.@.....⌠.....⌠.#
##.....÷...#
#...###...###...#
##########.# #####
##### ##.## # #.#
#...###...###...###
# #.#
#.⌠.....⌠.....⌠.#..
# #.#
#...###...###...##.
# #.#
##'###############.
# #.#
#....#####......#.
# #.#
####..#)..........


There were no monsters in sight!

Vanquished Creatures
  5 orbs of fire (Zot:5)
  4 ancient liches (Zot:5)
  Mara (Swamp:3)
  Bai Suzhen (Swamp:2)
  Boris (Vaults:5)
  9 Killer Klowns (Zot:5)
  2 curse toes
  Nikola (Vaults:3)
  11 golden dragons
  3 electric golems
  A profane servitor (Zot:4)
  2 doom hounds (Zot:3)
  14 tentacled monstrosities
  Grunn (Zot:3)
  A walking earthen tome (Depths:3)
  5 quicksilver dragons
  23 Orb Guardians (Zot:5)
  A walking divine tome (Depths:3)
  7 sphinxes
  4 liches
  9 titans
  An Executioner (Depths:3)
  An ancient champion (Vaults:3)
  The ghost of Guam the Warrior, an adept HOMo of Beogh (Depths:4)
  3 death cobs
  Gastronok (Lair:2)
  9 shadow dragons
  The ghost of Ifijom the Brawler, an adept NaSh of Uskayaw (D:15)
  2 thorn hunters
  2 revenants (Vaults:3)
  7 tengu reavers
  8 storm dragons
  2 draconian monks
  3 protean progenitors
  2 nagarajas (Snake:4)
  The ghost of Keoguots the Thaumaturge, an adept GnSk of Makhleb (Swamp:4)
  22 vault wardens
  A rockslime (Vaults:4)
  10 fire giants
  5 draconian shifters
  15 frost giants
  A draconian knight (Zot:3)
  A deep elf sorcerer (Vaults:5)
  2 fenstrider witches
  Louise (D:15)
  3 draconian stormcallers
  4 draconian scorchers
  6 iron dragons
  3 ghost moths
  4 orc warlords
  3 spriggan defenders
  4 draconian annihilators
  21 very ugly things
  17 ironbound preservers
  3 vampire knights (Depths:2)
  19 stone giants
  7 green draconians
  9 ironbound thunderhulks
  6 eleionomae
  A deep elf death mage (Vaults:5)
  4 black draconians
  A deep elf demonologist (Vaults:3)
  7 bunyips
  A spark wasp (Zot:5)
  10 red draconians
  8 purple draconians
  3 war gargoyles
  5 dire elephants
  A minotaur (Gauntlet)
  8 yellow draconians
  2 deep elf annihilators
  12 white draconians
  A green death (D:14)
  An entropy weaver (Vaults:3)
  15 ettins
  14 yaktaur captains
  13 fire dragons
  4 shambling mangroves
  2 deep elf high priests (Vaults:5)
  Josephine (D:11)
  7 great orbs of eyes
  14 ice dragons
  A hell beast (Depths:2)
  5 rakshasas
  A peacekeeper (Vaults:1)
  Erolcha (D:10)
  3 spriggan air magi
  34 vault guards
  9 centaur warriors
  3 ghost crabs
  24 hydras
  5 salamander tyrants
  9 ironbound frosthearts
  Erica (D:8)
  5 ogre magi
  5 anacondas
  25 two-headed ogres
  13 alligators
  A catoblepas (D:14)
  A dancing weapon (D:15)
  A spriggan skeleton (Depths:2)
  A death yak (Vaults:2)
  6 deep troll earth magi
  2 tengu warriors (Depths:1)
  2 radroaches (Zot:3)
  9 boulder beetles
  6 deep troll shamans
  4 thrashing horrors (Lair:5)
  8 shock serpents
  14 naga sharpshooters
  The ghost of Gladio the Grappler, a journeyman VSSh of Uskayaw (D:10)
  3 occultists
  4 spriggan berserkers
  A hell hog (Gauntlet)
  An orc high priest (Vaults:4)
  A vampire mage (Depths:3)
  12 naga warriors
  10 hell knights
  A soul eater (Vaults:3)
  A skyshark (shapeshifter) (Depths:4)
  A fire crab (Lair:2)
  5 goliath frogs
  4 spriggan druids
  12 iron trolls
  3 salamander mystics
  3 bog bodies
  A sun moth (Depths:4)
  11 swamp dragons
  3 death drakes
  10 mana vipers
  2 skeletal warriors (D:11)
  5 naga ritualists
  8 arcanists
  7 glowing orange brains
  14 lindwurms
  74 deep trolls
  11 orc knights
  25 ironbound convokers
  3 deep elf pyromancers
  5 harpies (Vaults:1)
  37 ugly things
  An oklob plant (Zot:2)
  2 large abominations (Lair:5)
  8 phantasmal warriors
  4 necromancers
  2 tengu skeletons
  4 manticores
  A sphinx simulacrum (D:15)
  4 orc sorcerers
  6 will-o-the-wisps
  16 salamanders
  10 cyclopes
  22 moths of wrath
  A fire giant zombie (Depths:2)
  2 meliai (shapeshifter)
  A frost giant skeleton (Depths:2)
  A toenail golem (Zot:4)
  31 black mambas
  An ice statue (Lair:1)
  2 torpor snails
  An iron dragon skeleton (Depths:2)
  14 naga magi
  17 vault sentinels
  A black mamba (shapeshifter) (D:15)
  A guardian serpent (shapeshifter) (Depths:4)
  11 guardian serpents
  A smoke demon (Depths:2)
  A gargoyle (D:12)
  5 cane toads
  5 rime drakes
  29 yaktaurs
  3 unseen horrors
  A kobold demonologist (D:11)
  8 komodo dragons
  3 freezing wraiths
  2 efreet (Zot:4)
  A tormentor (Zot:4)
  21 trolls
  6 tyrant leeches
  A jumping spider (Vaults:3)
  A queen bee (shapeshifter) (Lair:5)
  A wolf spider simulacrum (D:15)
  3 polar bears
  A polar bear (shapeshifter) (D:11)
  15 blink frogs
  18 hornets
  5 raiju
  An ettin zombie (Depths:1)
  A glass eye (Depths:4)
  4 dream sheep (Lair:3)
  12 spriggans
  47 slime creatures
  8 water elementals (Depths:2)
  3 shadows
  9 small abominations (Lair:5)
  5 wyverns
  A yak (shapeshifter) (D:15)
  A vampire (D:11)
  2 ynoxinuls
  7 wargs
  15 basilisks
  61 yaks
  5 wraiths
  3 fire bats (Gauntlet)
  Eustachio (D:6)
  5 golden eyes (Depths:4)
  A tarantella (shapeshifter) (Vaults:5)
  2 steam dragons (D:7)
  A redback (Vaults:3)
  4 vampire mosquitoes (D:14)
  A death yak simulacrum (Lair:1)
  A harpy simulacrum (Lair:1)
  2 acid dragons
  43 nagas
  13 swamp worms
  A glowing shapeshifter zombie (Depths:1)
  Duvessa (D:4)
  A glowing shapeshifter skeleton (Depths:1)
  3 hell hounds (Gauntlet)
  20 water moccasins
  5 swamp drakes
  2 laughing skulls (D:10)
  2 sky beasts (D:7)
  25 orc warriors
  2 ice beasts
  4 black bears
  A redback (shapeshifter) (Vaults:5)
  17 wolves
  29 ogres
  An ettin simulacrum (Depths:1)
  11 centaurs
  Blork the orc (D:6)
  18 bullfrogs
  2 kobold brigands (D:11)
  A gnoll sergeant (D:8)
  4 scorpions
  9 wights
  Dowan (D:4)
  7 killer bees
  9 electric eels
  6 howler monkeys
  4 lava snakes
  A bombardier beetle (D:7)
  4 hounds
  13 orc priests
  A gnoll bouda (D:8)
  2 jellies (D:5)
  A sleepcap (D:7)
  2 iguanas
  21 orc wizards
  A troll simulacrum (Lair:1)
  10 hell rats (Lair:3)
  A wolf simulacrum (Lair:1)
  12 gnolls
  A naga simulacrum (Lair:1)
  5 adders
  3 shadow imps
  2 white imps (Vaults:2)
  2 ufetubi (D:7)
  2 ribbon worms
  5 dart slugs
  101 orcs
  3 endoplasms
  4 giant cockroaches
  5 goblins
  2 hobgoblins
  6 jackals (D:1)
  7 quokkas
  5 ball pythons
  3 bats (D:2)
  5 frilled lizards
  18 kobolds
  12 rats
1931 creatures vanquished.

Vanquished Creatures (collateral kills)
  Parghit (Depths:2)
  A Killer Klown (Zot:5)
  A storm dragon (Zot:3)
  A protean progenitor (Zot:3)
  A fire giant (Depths:3)
  A draconian shifter (Zot:2)
  An orc warlord (Orc:1)
  A green draconian (Zot:2)
  A yellow draconian (Zot:2)
  An ettin (Zot:4)
  A hydra (Lair:4)
  A centaur warrior (Vaults:4)
  A two-headed ogre (D:15)
  A death yak (shapeshifter) (Zot:3)
  3 hell knights (Vaults:5)
  A shock serpent (Snake:2)
  A spriggan druid (Swamp:3)
  A necromancer (Vaults:5)
  2 ugly things
  2 salamanders
  4 moths of wrath
  A cyclops (D:12)
  A guardian serpent (Snake:2)
  A yaktaur (Vaults:4)
  A troll (Zot:4)
  3 slime creatures
  A water elemental (Depths:2)
  3 yaks (Lair:4)
  2 wraiths (D:12)
  An orc warrior (Orc:1)
  A wolf (Lair:4)
  5 orcs
48 creatures vanquished.

Vanquished Creatures (others)
  A vault warden (Vaults:3)
  A yaktaur captain (Vaults:3)
  6 dancing weapons
  An alligator (Swamp:4)
  2 goliath frogs (Swamp:2)
  A vault sentinel (Vaults:3)
  A yaktaur (Vaults:3)
  2 bloated husks
  A troll (Zot:4)
  2 orc warriors
  2 ogres (Zot:4)
  2 orc wizards (D:15)
  A gnoll (D:8)
  3 orcs
  22 foxfires
48 creatures vanquished.

Grand Total: 2027 creatures vanquished

Notes
Turn   | Place    | Note
-------+----------+-------------------------------------------
     0 | D:1      | Anon1729 the Minotaur Monk began the quest for the Orb.
     0 | D:1      | Reached XP level 1. HP: 19/19 MP: 0/0
    83 | D:1      | Reached XP level 2. HP: 27/27 MP: 1/1
   426 | D:1      | Reached XP level 3. HP: 33/33 MP: 2/2
  1677 | D:3      | Reached skill level 1 in Armour
  1761 | D:3      | Reached XP level 4. HP: 36/41 MP: 3/3
  1834 | D:3      | Reached skill level 1 in Stealth
  2064 | D:3      | Found a hazy altar of Hepliaklqana.
  2067 | D:3      | Found a glowing golden altar of the Shining One.
  2218 | D:3      | Reached XP level 5. HP: 47/47 MP: 4/4
  2435 | D:3      | Found an iron altar of Okawaru.
  2614 | D:4      | Noticed a black bear
  2624 | D:4      | Killed a black bear
  2706 | D:4      | Reached skill level 5 in Fighting
  2706 | D:4      | Reached skill level 5 in Axes
  2706 | D:4      | Reached XP level 6. HP: 45/56 MP: 5/5
  2879 | D:4      | Found Ihakysost's Armour Shop.
  2969 | D:4      | Found Vyuhud's Antique Weapon Shop.
  2988 | D:4      | Found Meutzu's Weapon Emporium.
  3013 | D:4      | Noticed Dowan
  3013 | D:4      | Noticed Duvessa
  3187 | D:4      | Killed Dowan
  3193 | D:4      | Killed Duvessa
  3545 | D:4      | Reached skill level 5 in Dodging
  3756 | D:5      | Entered Level 5 of the Dungeon
  3864 | D:5      | Got the Elucidation of Translocational Causimancy
  4168 | D:5      | Reached XP level 7. HP: 53/61 MP: 6/6
  4431 | D:5      | Identified the ring "Meafoeh" {^Drain Fly Str-5 Int+6
                  | Dex+8}
  4534 | D:5      | Found a staircase to the Ecumenical Temple.
  4577 | D:5      | Found a snail-covered altar of Cheibriados.
  4767 | Temple   | Entered the Ecumenical Temple
  4776 | Temple   | Became a worshipper of Xom of Chaos
  4777 | Temple   | XOM: silly message
  4997 | D:6      | Reached skill level 1 in Long Blades
  5016 | D:6      | Noticed Blork the orc
  5025 | D:6      | Killed Blork the orc
  5109 | D:6      | Reached skill level 2 in Long Blades
  5189 | D:6      | Noticed Eustachio
  5194 | D:6      | XOM: silly message
  5202 | D:6      | XOM: potion effect (curing)
  5214 | D:6      | Killed Eustachio
  5215 | D:6      | Reached skill level 3 in Long Blades
  5215 | D:6      | Reached XP level 8. HP: 30/71 MP: 7/7
  5215 | D:6      | XOM: swap monsters
  5483 | D:6      | XOM: noise
  5487 | D:6      | Reached skill level 4 in Long Blades
  5492 | D:6      | Reached skill level 5 in Armour
  5494 | D:6      | Reached skill level 5 in Long Blades
  5499 | D:6      | XOM: noise
  5502 | D:6      | Reached XP level 9. HP: 33/79 MP: 8/8
  5720 | D:6      | XOM is BORED!
  6006 | D:7      | XOM: summons 4 friendly demons
  6047 | D:7      | Reached skill level 6 in Long Blades
  6077 | D:7      | XOM: confuse monster(s)
  6135 | D:7      | XOM: divine lightning
  6464 | D:7      | Reached skill level 7 in Long Blades
  6551 | D:7      | XOM: give mutation
  6551 | D:7      | Gained mutation: You are robust. (+10% HP) [Xom's grace]
  6615 | D:7      | XOM: give mutations
  6615 | D:7      | Gained mutation: Your movements are slightly less
                  | encumbered by armour. (ER -2) [Xom's mischief]
  6615 | D:7      | Lost mutation: You are robust. (+10% HP) [Xom's mischief]
  6615 | D:7      | Gained mutation: You passively dampen the noise of your
                  | surroundings. [Xom's mischief]
  6615 | D:7      | Gained mutation: You sometimes lose your temper in combat.
                  | [Xom's mischief]
  6765 | D:8      | XOM: noise
  6937 | D:8      | Noticed Erica
  6948 | D:8      | Reached skill level 8 in Long Blades
  6948 | D:8      | Reached skill level 5 in Stealth
  6948 | D:8      | XOM: potion effect (brilliance)
  6959 | D:8      | XOM: enchant monster (bad)
  6961 | D:8      | Killed Erica
  6962 | D:8      | Reached XP level 10. HP: 75/90 MP: 9/9
  7380 | D:8      | XOM: summons 2 hostile shadow creatures
  7585 | D:9      | Noticed a deep elf pyromancer
  7588 | D:9      | XOM: scenery: create altars
  7591 | D:9      | Killed a deep elf pyromancer
  7594 | D:9      | Reached skill level 9 in Long Blades
  7598 | D:9      | XOM: cleaving
  7618 | D:9      | XOM: confusion
  7626 | D:9      | Lost mutation: Your movements are slightly less encumbered
                  | by armour. (ER -2) [potion of mutation]
  7626 | D:9      | Lost mutation: You passively dampen the noise of your
                  | surroundings. [potion of mutation]
  7626 | D:9      | Lost mutation: You sometimes lose your temper in combat.
                  | [potion of mutation]
  7626 | D:9      | Gained mutation: You have hidden genetic potential. [potion
                  | of mutation]
  7626 | D:9      | Gained mutation: You are strong-willed. (Will+) [potion of
                  | mutation]
  7626 | D:9      | HP: 4/91 [troll (3)]
  7641 | D:10     | Entered Level 10 of the Dungeon
  7833 | D:10     | XOM: god gift: scroll labelled GAOROCK BEJOPN {god gift}
  7844 | D:10     | XOM: potion effect (brilliance)
  7853 | D:10     | Reached skill level 10 in Long Blades
  8012 | D:10     | Noticed a manticore
  8019 | D:10     | Killed a manticore
  8095 | D:10     | Noticed a two-headed ogre
  8102 | D:10     | Killed a two-headed ogre
  8103 | D:10     | Reached XP level 11. HP: 97/97 MP: 10/10
  8131 | D:10     | XOM: potion effect (brilliance)
  8140 | D:10     | XOM: confuse monster(s)
  8156 | D:10     | Found a runed translucent door.
  8156 | D:10     | Noticed Gladio's ghost (journeyman VSSh)
  8268 | D:10     | XOM: divination: magic mapping
  8463 | D:10     | Noticed a two-headed ogre
  8468 | D:10     | Killed a two-headed ogre
  8469 | D:10     | Reached skill level 11 in Long Blades
  8562 | D:10     | Noticed Erolcha
  8568 | D:10     | Killed Erolcha
  8570 | D:10     | Gained mutation: Your muscles are strong. (Str +4, Int/Dex
                  | -1) [hidden potential]
  8864 | D:10     | XOM: silly message
  9043 | D:9      | XOM: cast spell 'Leda's Liquefaction'
  9046 | D:9      | Reached skill level 10 in Fighting
  9114 | D:9      | Found a staircase to the Lair.
  9415 | Lair:1   | Entered Level 1 of the Lair of Beasts
  9441 | Lair:1   | XOM: noise
  9469 | Lair:1   | Reached skill level 12 in Long Blades
  9662 | Lair:1   | XOM: noise
  9671 | Lair:1   | XOM: confuse monster(s)
  9761 | Lair:1   | XOM: confuse monster(s)
  9771 | Lair:1   | XOM: confuse monster(s)
  9772 | Lair:1   | XOM: cast spell 'Metabolic Englaciation'
  9773 | Lair:1   | Reached XP level 12. HP: 104/108 MP: 11/11
  9829 | Lair:1   | XOM: silly message
  9917 | Lair:1   | XOM: divination: detect items
 10244 | Lair:1   | XOM: potion effect (might)
 10272 | Lair:1   | XOM: potion effect (heal wounds)
 10387 | Lair:1   | XOM: divination: magic mapping
 10440 | Lair:1   | Reached skill level 10 in Armour
 10683 | Lair:1   | XOM: silly message
 10958 | Lair:1   | Reached skill level 13 in Long Blades
 10978 | Lair:1   | Gained mutation: Your muscles are very strong. (Str +8,
                  | Int/Dex -2) [hidden potential]
 10978 | Lair:1   | Lost mutation: You have hidden genetic potential. [hidden
                  | potential expressed]
 11373 | Lair:2   | XOM: swap monsters
 11433 | Lair:2   | Noticed Gastronok
 11435 | Lair:2   | XOM: confuse monster(s)
 11436 | Lair:2   | XOM: cleaving
 11448 | Lair:2   | Reached skill level 10 in Dodging
 11449 | Lair:2   | XOM: cleaving
 11462 | Lair:2   | XOM: destruction
 11467 | Lair:2   | XOM: stat loss: -1 Str (21/22)
 11473 | Lair:2   | XOM: summons 4 hostile shadow creatures
 11476 | Lair:2   | Killed Gastronok
 11578 | Lair:2   | Found a staircase to the Snake Pit.
 11579 | Lair:2   | XOM: enchant monster (good)
 11711 | Lair:2   | XOM: god gift: 3 curare-tipped darts
 11853 | Lair:2   | XOM: divination: detect items
 11887 | Lair:2   | Noticed a five-headed hydra
 11890 | Lair:2   | XOM: potion effect (berserk rage)
 11894 | Lair:2   | Killed a three-headed hydra
 12085 | Lair:2   | XOM: silly message
 12096 | Lair:2   | Noticed a seven-headed hydra
 12102 | Lair:2   | Killed a five-headed hydra
 12140 | Lair:2   | XOM: silly message
 12460 | Lair:3   | Reached skill level 14 in Long Blades
 12570 | Lair:3   | XOM: polymorph hell rat -> shadow imp
 12583 | Lair:3   | XOM: enchant monster (good)
 12591 | Lair:3   | XOM: divine lightning
 12648 | Lair:3   | Noticed an eleionoma
 12656 | Lair:3   | XOM: summons friendly ice devil
 12658 | Lair:3   | Killed an eleionoma
 12659 | Lair:3   | Reached XP level 13. HP: 95/117 MP: 12/12
 12789 | Lair:3   | XOM: give mutations
 12789 | Lair:3   | Gained mutation: You are resistant to electric shocks.
                  | (rElec) [Xom's grace]
 12789 | Lair:3   | Gained mutation: You passively map a small area around you.
                  | [Xom's grace]
 12789 | Lair:3   | Gained mutation: You passively map the area around you.
                  | [Xom's grace]
 12868 | Lair:3   | Found a staircase to the Swamp.
 12932 | Lair:3   | Found a runed translucent gate.
 12933 | Lair:3   | Found a runed translucent gate.
 12934 | Lair:3   | Found a runed translucent gate.
 12935 | Lair:3   | Noticed Xeniriji's ghost (adept MDFi)
 12989 | Lair:3   | XOM: divination: magic mapping
 13002 | Lair:3   | XOM: silly message
 13215 | Lair:3   | Found a viscous altar of Jiyva.
 13355 | Lair:4   | Found a staircase to the Slime Pits.
 13356 | Lair:4   | Found a viscous altar of Jiyva.
 13532 | Lair:4   | XOM: noise
 13631 | Lair:4   | XOM: repel stairs
 13637 | Lair:4   | XOM: 1-stop teleportation journey
 13641 | Lair:4   | XOM: cast spell 'Monstrous Menagerie'
 13936 | Lair:4   | XOM: summons friendly iron imp
 14028 | Lair:4   | Reached skill level 15 in Long Blades
 14174 | Lair:4   | XOM: stat loss: -1 Dex (20/21)
 14342 | Lair:5   | Entered Level 5 of the Lair of Beasts
 14433 | Lair:5   | XOM: silly message
 14438 | Lair:5   | XOM: silly message
 14593 | Lair:5   | XOM: noise
 14973 | Lair:5   | XOM: summons 1 hostile demon
 15117 | Lair:5   | XOM: enchant monster (bad)
 15139 | Lair:5   | XOM: god gift: book of Geomancy
 15145 | Lair:5   | XOM: polymorph small abomination -> small abomination
 15201 | Lair:5   | XOM: swap monsters
 15333 | Lair:5   | Reached skill level 1 in Shields
 15361 | Lair:5   | XOM: smoke on damage
 15367 | Lair:5   | XOM: cast spell 'Fugue of the Fallen'
 15410 | Lair:5   | Reached XP level 14. HP: 64/127 MP: 13/13
 15410 | Lair:5   | Found a corrupted altar of Lugonu.
 15410 | Lair:5   | Found a one-way gate to the infinite horrors of the Abyss.
 15504 | Lair:5   | XOM is BORED!
 15504 | Lair:5   | XOM: give mutations
 15504 | Lair:5   | Lost mutation: You are resistant to electric shocks.
                  | (rElec) [Xom's mischief]
 15504 | Lair:5   | Gained mutation: You are partially covered in iridescent
                  | scales. (AC +2) [Xom's mischief]
 15863 | D:10     | Killed Gladio's ghost
 15864 | D:10     | Reached skill level 16 in Long Blades
 16066 | D:11     | XOM: confuse monster(s)
 16305 | D:11     | Noticed Josephine
 16311 | D:11     | XOM: cleaving
 16313 | D:11     | XOM: summons friendly crimson imp
 16318 | D:11     | XOM: give mutations
 16318 | D:11     | Gained mutation: Your spells are a little harder to cast,
                  | but a little more powerful. [Xom's mischief]
 16318 | D:11     | Gained mutation: Armour fits poorly on your strangely
                  | shaped body. [Xom's mischief]
 16324 | D:11     | Killed Josephine
 16325 | D:11     | Reached skill level 1 in Evocations
 16342 | D:11     | XOM: draining
 16358 | D:11     | Found a runed translucent door.
 16552 | D:11     | Found a runed translucent door.
 16554 | D:11     | Found a runed translucent door.
 16568 | D:11     | XOM: noise
 16573 | D:11     | XOM: silly message
 16608 | D:11     | Identified the +12 halberd of Sulphur {freeze, rCorr}
 16626 | D:11     | XOM: silly message
 16634 | D:11     | Reached skill level 5 in Shields
 16640 | D:11     | XOM: cast spell 'Chain of Chaos'
 16847 | D:11     | Got the Tome of Molten Imprecation
 16914 | D:11     | XOM: summons 4 friendly demons
 16917 | D:11     | XOM: enchant monster (good)
 16956 | D:11     | XOM: cleaving
 16965 | D:11     | XOM: summons friendly ice devil
 17297 | D:12     | XOM: cast spell 'Death Channel'
 17377 | D:12     | XOM: 1-stop teleportation journey
 17416 | D:12     | Found a staircase to the Orcish Mines.
 17418 | D:12     | XOM: god gift: 8 stones
 17440 | D:12     | XOM: torment (46/129 hp)
 17492 | D:12     | XOM: cleaving
 17506 | D:12     | XOM: give mutations
 17506 | D:12     | Gained mutation: You are mostly covered in iridescent
                  | scales. (AC +4) [Xom's grace]
 17506 | D:12     | Gained mutation: You have hidden genetic potential. [Xom's
                  | grace]
 17830 | D:12     | XOM: fog
 17911 | D:12     | XOM: noise
 18132 | D:12     | Found a portal to a secret trove of treasure.
 18494 | D:13     | XOM: 2-stop teleportation journey
 18556 | D:13     | XOM: give mutations
 18556 | D:13     | Gained mutation: You possess an exceptional clarity of
                  | mind. [Xom's grace]
 18556 | D:13     | Gained mutation: Your flesh is cold resistant. (rC+) [Xom's
                  | grace]
 18556 | D:13     | Gained mutation: Your system is resistant to poisons.
                  | (rPois) [Xom's grace]
 18796 | D:13     | XOM: fog
 18857 | D:13     | XOM is BORED!
 18868 | D:13     | XOM: stat loss: -1 Dex (20/21)
 18904 | D:14     | Noticed an iron dragon
 18904 | D:14     | Found a transporter.
 18905 | D:14     | Noticed PaleRider's ghost (journeyman AtFi)
 18907 | D:14     | XOM: enchant monster (bad)
 18942 | D:13     | XOM: summons friendly crimson imp
 18962 | D:13     | XOM: blink monster(s)
 18990 | D:14     | XOM: blink monster(s)
 18998 | D:14     | XOM: cast spell 'Cause Fear'
 18999 | D:14     | XOM: cast spell 'Animate Armour'
 19011 | D:14     | Found a gate leading to a gauntlet.
 19020 | Gauntlet | Entered a Gauntlet
 19020 | Gauntlet | Found a transporter.
 19039 | Gauntlet | Noticed a cacodemon
 19118 | Gauntlet | XOM: silly message
 19164 | Gauntlet | Found a transporter.
 19185 | Gauntlet | Found a transporter.
 19185 | Gauntlet | Found a transporter.
 19195 | Gauntlet | Found a transporter.
 19219 | Gauntlet | Found a transporter.
 19233 | Gauntlet | Found a transporter.
 19262 | Gauntlet | Found a transporter.
 19262 | Gauntlet | Found a transporter.
 19269 | Gauntlet | Found a transporter.
 19295 | Gauntlet | Found a transporter.
 19295 | Gauntlet | Found a transporter.
 19461 | Gauntlet | Identified the +0 pair of boots "Ucipyes" {rC+ rN+ Regen+}
 19497 | Gauntlet | Identified the amulet of Plog {Acrobat Int+3}
 19521 | Gauntlet | XOM: noise
 19578 | D:14     | XOM: silly message
 19602 | D:14     | Reached XP level 15. HP: 106/137 MP: 14/14
 19602 | D:14     | XOM: silly message
 19707 | D:14     | Found a sacrificial altar of Ru.
 19809 | D:14     | Found a transporter.
 19814 | D:14     | XOM: give mutations
 19814 | D:14     | Lost mutation: Armour fits poorly on your strangely shaped
                  | body. [Xom's mischief]
 19814 | D:14     | Lost mutation: You are strong-willed. (Will+) [Xom's
                  | mischief]
 19814 | D:14     | Lost mutation: You possess an exceptional clarity of mind.
                  | [Xom's mischief]
 19862 | D:14     | Noticed Roxanne
 19941 | D:14     | Found a gate to the Vaults.
 20186 | D:15     | XOM: stealth player
 20186 | D:15     | Entered Level 15 of the Dungeon
 20191 | D:15     | XOM: divine lightning
 20252 | D:15     | XOM: chaos upgrade
 20253 | D:15     | XOM: polymorph slime creature -> bunyip
 20255 | D:15     | Identified the +8 dagger "Uqening" {venom, rElec}
 20256 | D:15     | XOM: destruction
 20265 | D:15     | Reached skill level 17 in Long Blades
 20319 | D:15     | XOM: swap monsters
 20326 | D:15     | XOM: summons 4 hostile demons
 20332 | D:15     | XOM: stat loss: -1 Str (21/22)
 20392 | Orc:1    | Entered Level 1 of the Orcish Mines
 20421 | Orc:1    | XOM: polymorph orc warrior -> basilisk
 20645 | Orc:2    | Entered Level 2 of the Orcish Mines
 20705 | Orc:2    | XOM: enchant monster (bad)
 20730 | Orc:2    | Reached skill level 10 in Shields
 20750 | Orc:2    | XOM: divination: detect items
 20755 | Orc:2    | XOM: noise
 20765 | Orc:2    | Reached skill level 5 in Evocations
 20869 | Orc:2    | Gained mutation: You have a pair of large horns on your
                  | head. [hidden potential]
 20891 | Orc:2    | XOM: confuse monster(s)
 20893 | Orc:2    | XOM: enchant monster (bad)
 20917 | Orc:2    | XOM: divination: magic mapping
 20932 | Orc:2    | XOM: noise
 20932 | Orc:2    | XOM: smoke on damage
 21005 | Orc:1    | XOM: god gift: 5 boomerangs
 21117 | Orc:2    | Found Xavim's Assorted Antiques.
 21117 | Orc:2    | XOM: cast spell 'Metabolic Englaciation'
 21123 | Orc:2    | XOM: silly message
 21135 | Orc:2    | XOM: stat loss: -1 Str (21/22)
 21141 | Orc:2    | XOM: stat loss: -1 Dex (22/23)
 21160 | Orc:2    | Found Wofexohu's Book Shoppe.
 21162 | Orc:2    | Found Zeapn's Antique Weapon Shop.
 21163 | Orc:2    | Bought a scroll of identify for 64 gold pieces
 21163 | Orc:2    | Bought a potion of curing for 96 gold pieces
 21171 | Orc:2    | Found Xiemug's General Store.
 21227 | Orc:2    | Found a staircase to the Elven Halls.
 21253 | Orc:2    | XOM: give mutations
 21253 | Orc:2    | Lost mutation: Your muscles are very strong. (Str +8,
                  | Int/Dex -2) [Xom's mischief]
 21253 | Orc:2    | Gained mutation: Your flesh is heat resistant. (rF+) [Xom's
                  | mischief]
 21253 | Orc:2    | Lost mutation: You have hidden genetic potential. [Xom's
                  | mischief]
 21402 | Orc:1    | XOM: silly message
 21523 | Orc:1    | XOM: silly message
 21607 | Orc:1    | XOM: divination: detect creatures
 21772 | D:15     | Noticed Louise
 21775 | D:15     | XOM: noise
 21807 | D:15     | Killed Louise
 21834 | D:15     | XOM: potion effect (berserk rage)
 21835 | D:15     | XOM: cast spell 'Iskenderun's Battlesphere'
 21837 | D:15     | XOM: summons friendly iron imp
 21838 | D:15     | XOM: cast spell 'Leda's Liquefaction'
 21847 | D:15     | XOM: cast spell 'Olgreb's Toxic Radiance'
 21858 | D:15     | XOM: enchant monster (bad)
 21859 | D:15     | XOM: swap monsters
 21876 | D:15     | Reached XP level 16. HP: 147/147 MP: 15/15
 21916 | D:15     | Identified a scroll of acquirement
 21916 | D:15     | Acquired the scarf "Ydymmoil" {shadows, rElec MP+9 Slay+2}
 21993 | D:15     | Reached skill level 15 in Fighting
 22032 | D:15     | Found a runed translucent door.
 22035 | D:15     | Found a shimmering altar of Xom.
 22035 | D:15     | Noticed Ifijom's ghost (adept NaSh)
 22114 | D:15     | XOM: noise
 22289 | D:15     | Found a staircase to the Depths.
 22296 | D:15     | XOM: give mutation
 22296 | D:15     | Lost mutation: You are mostly covered in iridescent scales.
                  | (AC +4) [Xom's mischief]
 22528 | D:15     | XOM: 6-stop teleportation journey
 22622 | D:15     | XOM: stat loss: -1 Dex (24/25)
 22748 | D:15     | Killed Ifijom's ghost
 22810 | D:15     | XOM: give mutation
 22810 | D:15     | Gained mutation: You are robust. (+10% HP) [Xom's mischief]
 22943 | D:9      | XOM: silly message
 22976 | Lair:1   | XOM: noise
 23021 | Snake:1  | Entered Level 1 of the Snake Pit
 23152 | Snake:1  | XOM: swap monsters
 23159 | Snake:1  | Reached skill level 18 in Long Blades
 23227 | Snake:1  | Found Kulial's Distillery.
 23235 | Snake:1  | Bought a potion of curing for 36 gold pieces
 23235 | Snake:1  | Bought a potion of curing for 36 gold pieces
 23235 | Snake:1  | Bought a potion of haste for 120 gold pieces
 23235 | Snake:1  | Bought 2 potions of curing for 72 gold pieces
 23235 | Snake:1  | Bought 2 potions of curing for 72 gold pieces
 23235 | Snake:1  | Bought a potion of mutation for 96 gold pieces
 23235 | Snake:1  | Bought a potion of berserk rage for 60 gold pieces
 23696 | Snake:2  | XOM: confuse monster(s)
 23743 | Snake:2  | XOM: summons friendly rust devil
 23761 | Snake:2  | XOM: polymorph rust devil -> orange demon
 23893 | Snake:2  | XOM: polymorph orange demon -> rust devil
 23905 | Snake:2  | Found Wairphuru's Armour Emporium.
 23912 | Snake:2  | Bought the +0 pair of gloves of Zantem {rPois rN+ Str-4
                  | Dex+6} for 385 gold pieces
 23960 | Snake:2  | XOM: silly message
 24056 | Snake:2  | Reached skill level 15 in Armour
 24106 | Snake:2  | XOM: blink monster(s)
 24141 | Snake:2  | XOM: confusion (+ monsters)
 24207 | Snake:3  | XOM: enchant monster (bad)
 24399 | Snake:3  | XOM: 3-stop teleportation journey
 24505 | Snake:3  | XOM: silly message
 24509 | Snake:3  | XOM: enchant monster (bad)
 24510 | Snake:3  | XOM: scenery: create altars
 24511 | Snake:3  | XOM: potion effect (curing)
 24523 | Snake:3  | XOM: noise
 24615 | Snake:3  | XOM: give mutations
 24615 | Snake:3  | Gained mutation: You are partially covered in large bone
                  | plates. (SH +4) [Xom's grace]
 24615 | Snake:3  | Gained mutation: You possess an exceptional clarity of
                  | mind. [Xom's grace]
 24615 | Snake:3  | Gained mutation: You have a somewhat thin skeletal
                  | structure. (Dex +2, Stealth+) [Xom's grace]
 24615 | Snake:3  | Gained mutation: Your muscles are very strong. (Str +8,
                  | Int/Dex -2) [Xom's grace]
 24886 | Snake:3  | XOM: god gift: wand of flame (11)
 24940 | Snake:3  | XOM: confuse monster(s)
 25082 | Snake:3  | XOM: scenery: summon butterflies
 25114 | Snake:3  | Found Ibavas's Antique Armour Shop.
 25262 | Snake:3  | XOM: god gift: 51 gold pieces
 25545 | Snake:4  | Entered Level 4 of the Snake Pit
 25558 | Snake:4  | Found Ririvyda's Gadget Gallery.
 25559 | Snake:4  | XOM: cloud trail
 25599 | Snake:4  | XOM: summons 5 friendly demons
 25600 | Snake:4  | XOM: snakes to sticks
 25673 | Snake:4  | Reached XP level 17. HP: 173/173 MP: 16/16
 25701 | Snake:4  | XOM: confuse monster(s)
 25763 | Snake:4  | XOM: potion effect (might)
 25770 | Snake:4  | XOM: summons friendly shadow imp
 25903 | Snake:4  | Found Zodigix's Assorted Antiques.
 25905 | Snake:4  | Found Ruehi's Assorted Antiques.
 25907 | Snake:4  | Found Lonluuq's Weapon Shoppe.
 25912 | Snake:4  | Bought a scroll of blinking for 240 gold pieces
 25912 | Snake:4  | Bought a scroll of teleportation for 96 gold pieces
 25951 | Snake:4  | XOM: give mutations
 25951 | Snake:4  | Lost mutation: You are partially covered in iridescent
                  | scales. (AC +2) [Xom's mischief]
 25951 | Snake:4  | Gained mutation: You occasionally shout uncontrollably at
                  | your foes. [Xom's mischief]
 26182 | Snake:4  | Reached skill level 15 in Shields
 26381 | Snake:4  | XOM: swap monsters
 26389 | Snake:4  | XOM: enchant monster (bad)
 26390 | Snake:4  | XOM: potion effect (might)
 26393 | Snake:4  | XOM: cleaving
 26401 | Snake:4  | XOM: summons 5 friendly demons
 26408 | Snake:4  | XOM: potion effect (berserk rage)
 26585 | Snake:4  | Got a serpentine rune of Zot
 26746 | Swamp:1  | Entered Level 1 of the Swamp
 26764 | Swamp:1  | XOM: summons 2 friendly demons
 26790 | Swamp:1  | XOM: confuse monster(s)
 26808 | Swamp:1  | Reached skill level 19 in Long Blades
 26938 | Swamp:1  | XOM: give mutations
 26938 | Swamp:1  | Lost mutation: Your flesh is cold resistant. (rC+) [Xom's
                  | mischief]
 26938 | Swamp:1  | Lost mutation: Your system is resistant to poisons. (rPois)
                  | [Xom's mischief]
 26938 | Swamp:1  | Lost mutation: Your muscles are very strong. (Str +8,
                  | Int/Dex -2) [Xom's mischief]
 26938 | Swamp:1  | Lost mutation: You are robust. (+10% HP) [Xom's mischief]
 26995 | Swamp:1  | XOM: scenery: summon butterflies
 27135 | Swamp:1  | Identified the maw talisman "Vomek" {rElec rC+ rN+ Str+2}
 27351 | Swamp:2  | XOM: enchant monster (good)
 27405 | Swamp:2  | XOM: summons friendly iron imp
 27411 | Swamp:2  | XOM: cleaving
 27417 | Swamp:2  | XOM: polymorph iron imp -> shadow imp
 27965 | Swamp:3  | XOM: polymorph swamp dragon -> naga
 27971 | Swamp:3  | Noticed Mara
 27979 | Swamp:2  | XOM: summons 3 friendly demons
 28056 | Swamp:3  | Noticed Anon1729's illusion
 28060 | Swamp:3  | XOM: summons 3 friendly demons
 28184 | Swamp:3  | Noticed Bai Suzhen
 28197 | Swamp:3  | HP: 5/160 [six-headed hydra[Bai Suzhen] (11)]
 28246 | Swamp:1  | XOM: god gift: plate armour {god gift}
 28327 | Swamp:2  | XOM: summons 6 friendly demons
 28337 | Swamp:2  | Killed Bai Suzhen
 28383 | Swamp:3  | Noticed Anon1729's illusion
 28390 | Swamp:3  | XOM: cast spell 'Leda's Liquefaction'
 28405 | Swamp:3  | XOM: scenery: create altars
 28412 | Swamp:3  | XOM: divination: magic mapping
 28421 | Swamp:3  | Noticed Anon1729's illusion
 28432 | Swamp:3  | XOM: enchant monster (good)
 28436 | Swamp:3  | Killed Mara
 28437 | Swamp:3  | Reached XP level 18. HP: 95/168 MP: 17/17
 28560 | Swamp:3  | XOM: summons 7 friendly demons
 28736 | Swamp:3  | XOM: divination: detect items
 29024 | Swamp:4  | Entered Level 4 of the Swamp
 29223 | Swamp:4  | XOM: potion effect (heal wounds)
 29286 | Swamp:4  | XOM: destruction
 29329 | Swamp:3  | XOM: give mutations
 29329 | Swamp:3  | Gained mutation: Your spells are harder to cast, but more
                  | powerful. [Xom's grace]
 29329 | Swamp:3  | Gained mutation: Your mind is acute. (Int +4, Str/Dex -1)
                  | [Xom's grace]
 29329 | Swamp:3  | Gained mutation: Your mind is very acute. (Int +8, Str/Dex
                  | -2) [Xom's grace]
 29329 | Swamp:3  | Gained mutation: You are agile. (Dex +4, Str/Int -1) [Xom's
                  | grace]
 29417 | Swamp:4  | XOM: potion effect (curing)
 29457 | Swamp:3  | XOM: give mutation
 29457 | Swamp:3  | Gained mutation: You are robust. (+10% HP) [Xom's grace]
 29534 | Swamp:4  | XOM: fake destruction
 29545 | Swamp:4  | Found a runed translucent gate.
 29545 | Swamp:4  | Found a runed translucent gate.
 29545 | Swamp:4  | Found a runed translucent gate.
 29545 | Swamp:4  | XOM: 7-stop teleportation journey
 29554 | Swamp:4  | Noticed Keoguots's ghost (adept GnSk)
 29596 | Swamp:4  | XOM: summons friendly quasit
 29602 | Swamp:4  | XOM: summons friendly white imp
 29620 | Swamp:4  | Identified the +1 leather armour "Ubowior" {+Blink}
 29639 | Swamp:4  | Got a decaying rune of Zot
 29654 | Swamp:4  | XOM: cloud trail
 30151 | Swamp:4  | Killed Keoguots's ghost
 30318 | D:10     | XOM: noise
 30397 | Vaults:1 | Entered Level 1 of the Vaults
 30420 | Vaults:1 | XOM: enchant monster (good)
 30454 | Vaults:1 | XOM: summons friendly ufetubus
 30458 | Vaults:1 | XOM: enchant monster (good)
 30459 | Vaults:1 | XOM: confuse monster(s)
 30470 | Vaults:1 | XOM: summons 2 friendly demons
 30670 | Vaults:1 | Reached skill level 20 in Long Blades
 30796 | Vaults:1 | XOM: summons friendly white imp
 30970 | Vaults:1 | XOM: 1-stop teleportation journey
 30982 | Vaults:1 | XOM: potion effect (berserk rage)
 30995 | Vaults:1 | Reached XP level 19. HP: 196/196 MP: 18/18
 31338 | Vaults:1 | Reached skill level 10 in Evocations
 31637 | Vaults:2 | XOM: silly message
 31653 | Vaults:2 | XOM: potion effect (invisibility)
 31755 | Vaults:2 | XOM: silly message
 31779 | Vaults:2 | XOM: silly message
 31788 | Vaults:2 | XOM: divination: detect creatures
 31803 | Vaults:2 | XOM: potion effect (might)
 31961 | Vaults:2 | XOM: enchant monster (good)
 32000 | Vaults:2 | Found a runed translucent gate.
 32000 | Vaults:2 | Found a runed translucent gate.
 32001 | Vaults:2 | Found a runed translucent gate.
 32003 | Vaults:2 | XOM: enchant monster (bad)
 32019 | Vaults:2 | XOM: smoke on damage
 32156 | Vaults:2 | XOM: silly message
 32197 | Vaults:2 | XOM: summons friendly white imp
 32198 | Vaults:2 | XOM: smoke on damage
 32381 | Vaults:2 | XOM: cloud trail
 32387 | Vaults:2 | Identified the +2 orcbow of Ephiuk {heavy, rElec Will+}
 32554 | Vaults:2 | Noticed Wiath's ghost (adept DrBr)
 32555 | Vaults:2 | Noticed Qotsoore's ghost (adept DsFi)
 32555 | Vaults:2 | Noticed Ynkabiuw's ghost (adept TrCK)
 32556 | Vaults:2 | Noticed Adap Gie's ghost (adept NaWn)
 32612 | Vaults:2 | Identified the +4 leather armour of Gluttony {rC+ Int-2
                  | Dex+4}
 32767 | Vaults:2 | Found Deulask's Jewellery Emporium.
 32768 | Vaults:2 | You are sucked into a shaft and drop 1 floor!
 32784 | Vaults:3 | XOM: cast spell 'Summon Ice Beast'
 32796 | Vaults:3 | XOM: cast spell 'Iskenderun's Battlesphere'
 32823 | Vaults:3 | XOM: enchant monster (bad)
 32847 | Vaults:3 | XOM: divination: detect creatures
 32866 | Vaults:3 | XOM: cast spell 'Summon Cactus Giant'
 33167 | Vaults:3 | Found a staircase to the Crypt.
 33253 | Vaults:3 | XOM: cleaving
 33265 | Vaults:3 | Noticed Nikola
 33285 | Vaults:3 | XOM: potion effect (attraction)
 33294 | Vaults:3 | Killed Nikola
 33434 | Vaults:3 | Reached XP level 20. HP: 207/207 MP: 19/19
 33454 | Vaults:3 | XOM: polymorph ironbound convoker -> raiju
 33474 | Vaults:3 | XOM: scenery: 1 doors open
 33475 | Vaults:3 | XOM: summons 2 friendly demons
 33480 | Vaults:3 | XOM: chaos upgrade
 33517 | Vaults:3 | XOM: cleaving
 33521 | Vaults:3 | Reached skill level 21 in Long Blades
 33713 | Vaults:3 | XOM: summons 7 hostile demons
 34045 | Vaults:3 | XOM: give mutations
 34045 | Vaults:3 | Lost mutation: You occasionally shout uncontrollably at
                  | your foes. [Xom's mischief]
 34045 | Vaults:3 | Lost mutation: You passively map the area around you.
                  | [Xom's mischief]
 34122 | Vaults:3 | XOM: stat loss: -1 Int (18/19)
 34503 | Vaults:4 | XOM: enchant monster (bad)
 34544 | Vaults:4 | XOM: chaos upgrade
 34585 | Vaults:4 | an ironbound thunderhulk changed into a juggernaut
 34585 | Vaults:4 | Noticed a juggernaut
 34585 | Vaults:4 | XOM: polymorph ironbound thunderhulk -> juggernaut
 34590 | Vaults:4 | a juggernaut changed into a rockslime
 34590 | Vaults:4 | XOM: polymorph juggernaut -> rockslime
 34724 | Vaults:4 | XOM: summons 8 hostile demons
 34858 | Vaults:4 | XOM: blink monster(s)
 34867 | Vaults:4 | XOM: summons 4 friendly demons
 34869 | Vaults:4 | XOM: polymorph iron imp -> hell beast
 34889 | Vaults:4 | XOM: give mutations
 34889 | Vaults:4 | Gained mutation: Your flesh is cold resistant. (rC+) [Xom's
                  | grace]
 34889 | Vaults:4 | Gained mutation: You have hidden genetic potential. [Xom's
                  | grace]
 34889 | Vaults:4 | Gained mutation: You have great hidden genetic potential.
                  | [Xom's grace]
 34889 | Vaults:4 | Gained mutation: You are very agile. (Dex +8, Str/Int -2)
                  | [Xom's grace]
 34903 | Vaults:4 | XOM: give mutations
 34903 | Vaults:4 | Gained mutation: You are partially covered in iridescent
                  | scales. (AC +2) [Xom's grace]
 34903 | Vaults:4 | Gained mutation: You are mostly covered in iridescent
                  | scales. (AC +4) [Xom's grace]
 35042 | Vaults:4 | Found Mobbu's Armour Shop.
 35434 | Vaults:4 | XOM: god gift: storm talisman
 35458 | Vaults:4 | XOM: 9-stop teleportation journey
 35935 | Depths:1 | Entered Level 1 of the Depths
 35979 | Depths:1 | XOM: confuse monster(s)
 36046 | Depths:1 | XOM: fog
 36102 | Depths:1 | Found a gateway to Hell.
 36335 | Depths:1 | XOM: divination: detect items
 36350 | Depths:1 | XOM: summons 11 friendly demons
 36423 | Depths:1 | Found a runed translucent door.
 36430 | Depths:1 | XOM: summons friendly iron imp
 36550 | Depths:1 | XOM: 2-stop teleportation journey
 36554 | Depths:1 | Identified the dragon-blood talisman "Dopyvec" {rF- rC+++
                  | Will+++ Stlth-}
 36723 | Depths:1 | XOM: polymorph deep troll shaman -> death drake
 36730 | Depths:1 | Reached XP level 21. HP: 218/218 MP: 20/20
 36834 | Depths:1 | XOM: destruction
 36879 | Depths:1 | XOM: give mutations
 36879 | Depths:1 | Gained mutation: You are strong-willed. (Will+) [Xom's
                  | grace]
 36879 | Depths:1 | Lost mutation: You have great hidden genetic potential.
                  | [Xom's grace]
 36879 | Depths:1 | Lost mutation: You have hidden genetic potential. [Xom's
                  | grace]
 36879 | Depths:1 | Gained mutation: You are somewhat resistant to further
                  | mutation. [Xom's grace]
 36879 | Depths:1 | Gained mutation: You are very robust. (+20% HP) [Xom's
                  | grace]
 37148 | Depths:1 | XOM: divination: detect items
 37211 | Depths:2 | Found a one-way gate leading to the halls of Pandemonium.
 37254 | Depths:2 | XOM: summons friendly white imp
 37266 | Depths:2 | XOM: swap monsters
 37496 | Depths:2 | XOM: swap monsters
 37583 | Depths:2 | Found an iron altar of Okawaru.
 37612 | Depths:2 | XOM: cast spell 'Olgreb's Toxic Radiance'
 37617 | Depths:2 | Found a one-way gateway to a ziggurat.
 37922 | Depths:2 | XOM: silly message
 37949 | Depths:2 | XOM: noise
 37951 | Depths:2 | XOM: polymorph fire dragon -> fire dragon
 37964 | Depths:2 | XOM: summons 4 friendly demons
 37971 | Depths:2 | XOM: scenery: summon butterflies
 37975 | Depths:2 | XOM: potion effect (curing)
 37991 | Depths:2 | XOM: cast spell 'Summon Dragon'
 38115 | Depths:2 | Noticed a golden dragon
 38122 | Depths:2 | Killed a golden dragon
 38378 | Depths:3 | Reached skill level 22 in Long Blades
 38392 | Depths:2 | XOM: polymorph iron troll -> naga
 38510 | Depths:3 | Noticed Parghit
 38526 | Depths:2 | XOM: divination: detect items
 38644 | Depths:2 | XOM: enchant monster (good)
 38657 | Depths:2 | XOM: noise
 38723 | Depths:3 | XOM: potion effect (invisibility)
 38763 | Depths:2 | XOM: silly message
 38865 | Depths:3 | XOM: scenery: summon butterflies
 38877 | Depths:3 | XOM: polymorph butterfly -> bat
 39012 | Depths:3 | XOM: polymorph rakshasa -> Executioner
 39023 | Depths:3 | XOM: polymorph iron dragon -> shadow dragon
 39059 | Depths:3 | Noticed a golden dragon
 39066 | Depths:3 | Killed a golden dragon
 39293 | Depths:3 | XOM: 1-stop teleportation journey
 39502 | Depths:3 | XOM: scenery: summon butterflies
 39561 | Depths:3 | XOM: cloud trail
 39675 | Depths:3 | Identified the ring "Zetaps" {Str+6 Int+2}
 39775 | Depths:4 | Entered Level 4 of the Depths
 39775 | Depths:4 | Found a broken altar of Ashenzari.
 39779 | Depths:4 | XOM: polymorph deep troll shaman -> mana viper
 39791 | Depths:4 | XOM: polymorph mana viper -> sun moth
 39817 | Depths:4 | XOM: summons friendly hellwing
 39832 | Depths:4 | XOM: fake destruction
 39838 | Depths:4 | XOM: silly message
 39841 | Depths:4 | XOM: potion effect (berserk rage)
 39945 | Depths:4 | Reached XP level 22. HP: 253/253 MP: 21/21
 39957 | Depths:4 | XOM: scenery: 3 doors close
 39981 | Depths:4 | XOM: noise
 40146 | Depths:4 | Identified the +8 chain mail "Quck" {Str+4}
 40180 | Depths:4 | Identified the +8 broad axe of Viliwk {speed, rPois rF-
                  | rN+++ Dex-4}
 40198 | Depths:4 | Found a runed translucent door.
 40198 | Depths:4 | Noticed Guam's ghost (adept HOMo)
 40258 | Depths:4 | XOM: give mutation
 40258 | Depths:4 | Lost mutation: You have a somewhat thin skeletal structure.
                  | (Dex +2, Stealth+) [Xom's mischief]
 40276 | Depths:4 | Found Atraejun's Armour Shop.
 40290 | Depths:4 | XOM: give mutations
 40290 | Depths:4 | Lost mutation: You possess an exceptional clarity of mind.
                  | [Xom's mischief]
 40290 | Depths:4 | Lost mutation: Your muscles are strong. (Str +4, Int/Dex
                  | -1) [Xom's mischief]
 40544 | Depths:4 | Found Xikh's Magic Scroll Shop.
 40549 | Depths:4 | Bought a scroll of teleportation for 39 gold pieces
 40549 | Depths:4 | Bought a scroll of identify for 26 gold pieces
 40549 | Depths:4 | Bought a scroll of teleportation for 39 gold pieces
 40549 | Depths:4 | Bought a scroll of summoning for 123 gold pieces
 40549 | Depths:4 | Bought a scroll of fear for 52 gold pieces
 40549 | Depths:4 | Bought a scroll of teleportation for 39 gold pieces
 40549 | Depths:4 | Bought 2 scrolls of identify for 52 gold pieces
 40549 | Depths:4 | Bought 3 scrolls of fog for 156 gold pieces
 40585 | Depths:4 | XOM: summons 1 hostile shadow creature
 40710 | Depths:4 | Found a gate to the Realm of Zot.
 40772 | Depths:4 | Found Fuonion's Magic Scroll Shop.
 40779 | Depths:4 | Bought a scroll of blinking for 135 gold pieces
 40779 | Depths:4 | Bought a scroll of poison for 72 gold pieces
 40779 | Depths:4 | Bought 2 scrolls of summoning for 342 gold pieces
 40779 | Depths:4 | Bought a scroll of vulnerability for 72 gold pieces
 40779 | Depths:4 | Bought a scroll of teleportation for 54 gold pieces
 40779 | Depths:4 | Bought a scroll of immolation for 72 gold pieces
 40779 | Depths:4 | Bought a scroll of revelation for 135 gold pieces
 40822 | Depths:4 | XOM: give mutations
 40822 | Depths:4 | Lost mutation: You are somewhat resistant to further
                  | mutation. [Xom's mischief]
 40822 | Depths:4 | Lost mutation: You are very agile. (Dex +8, Str/Int -2)
                  | [Xom's mischief]
 40822 | Depths:4 | Lost mutation: You are very robust. (+20% HP) [Xom's
                  | mischief]
 40822 | Depths:4 | Lost mutation: You are agile. (Dex +4, Str/Int -1) [Xom's
                  | mischief]
 40935 | Depths:4 | Killed Guam's ghost
 41174 | Vaults:1 | XOM: summons 1 hostile shadow creature
 41284 | Vaults:5 | Entered Level 5 of the Vaults
 41288 | Vaults:5 | XOM: confuse monster(s)
 41289 | Vaults:5 | Noticed a golden dragon
 41303 | Vaults:5 | XOM: summons friendly white imp
 41495 | Vaults:4 | XOM: confuse monster(s)
 41512 | Vaults:4 | Killed a golden dragon
 41712 | D:15     | XOM: 3-stop teleportation journey
 41879 | Depths:2 | Killed Parghit
 42162 | Vaults:5 | XOM: summons 9 friendly demons
 42191 | Vaults:5 | XOM: polymorph orc knight -> acid dragon
 42397 | Vaults:5 | XOM: polymorph iron dragon -> four-headed hydra
 42433 | Vaults:5 | XOM: smoke on damage
 42474 | Vaults:5 | XOM: enchant monster (bad)
 42474 | Vaults:5 | Noticed a golden dragon
 42485 | Vaults:5 | XOM: fog
 42493 | Vaults:5 | XOM: smoke on damage
 42498 | Vaults:5 | XOM: confuse monster(s)
 42502 | Vaults:5 | Killed a golden dragon
 42547 | Vaults:5 | Identified the +9 rapier of Oxodivu {speed, rN++}
 42561 | Vaults:5 | XOM: confuse monster(s)
 42565 | Vaults:5 | Reached skill level 23 in Long Blades
 42585 | Vaults:5 | XOM: polymorph ettin -> ettin
 42588 | Vaults:5 | XOM: polymorph ettin -> guardian serpent
 42648 | Vaults:5 | XOM: confuse monster(s)
 42660 | Vaults:5 | XOM: give mutations
 42660 | Vaults:5 | Gained mutation: Your flesh is very heat resistant. (rF++)
                  | [Xom's grace]
 42660 | Vaults:5 | Gained mutation: You have large cloven feet. [Xom's grace]
 42660 | Vaults:5 | Gained mutation: You have supernaturally acute eyesight.
                  | (SInv) [Xom's grace]
 42683 | Vaults:5 | Reached XP level 23. HP: 107/242 MP: 22/22
 42841 | Vaults:5 | Identified the amulet of Xom's Entertainment {Reflect Str+6
                  | SH+5}
 42842 | Vaults:5 | Identified the +7 flail of Circularity {protect, rElec
                  | Int+2}
 42845 | Vaults:5 | XOM: confuse monster(s)
 42873 | Vaults:5 | XOM: confusion
 42947 | Vaults:5 | Identified the +8 chain mail "Jiucleg" {rN+}
 42947 | Vaults:5 | Identified the +9 battleaxe of Mecoafiv {heavy, ^Fragile
                  | rElec Int+2 Dex+5}
 42947 | Vaults:5 | Identified the +3 scimitar "Okhut" {chaos, Dex+2}
 43172 | Vaults:5 | XOM: summons friendly ufetubus
 43233 | Vaults:5 | Got a silver rune of Zot
 43330 | Vaults:5 | XOM: give mutation
 43330 | Vaults:5 | Lost mutation: Your spells are harder to cast, but more
                  | powerful. [Xom's mischief]
 43349 | Vaults:5 | Identified the +2 robe of the Slightly Bent {^Drain rF+
                  | Str+8 Archmagi}
 43349 | Vaults:5 | Noticed Boris
 43358 | Vaults:5 | XOM: swap monsters
 43363 | Vaults:5 | Killed Boris
 43404 | Vaults:5 | Got the Incunable of Electricity and the Tomb
 43406 | Vaults:5 | Identified the +0 chain mail of Crawling {*Corrode rElec
                  | rPois SInv}
 43539 | Vaults:5 | XOM: 9-stop teleportation journey
 43571 | Vaults:5 | Found Gaepn's Armour Emporium.
 43583 | Vaults:5 | XOM: 1-stop teleportation journey
 43606 | Vaults:5 | Found Qoetu's Distillery.
 43618 | Vaults:5 | Bought a potion of haste for 170 gold pieces
 43618 | Vaults:5 | Bought 2 potions of curing for 102 gold pieces
 43618 | Vaults:5 | Bought a potion of heal wounds for 85 gold pieces
 43618 | Vaults:5 | Bought a potion of curing for 51 gold pieces
 43618 | Vaults:5 | Bought a potion of resistance for 170 gold pieces
 43618 | Vaults:5 | Bought a potion of heal wounds for 85 gold pieces
 43618 | Vaults:5 | Bought a potion of curing for 51 gold pieces
 43618 | Vaults:5 | Bought a potion of curing for 51 gold pieces
 43618 | Vaults:5 | Bought a potion of enlightenment for 85 gold pieces
 43788 | Vaults:5 | Identified the +0 chain mail of Rausuxke {Harm rC- Regen+}
 43838 | Vaults:4 | XOM: silly message
 44103 | Depths:3 | XOM: give mutations
 44103 | Depths:3 | Lost mutation: You have supernaturally acute eyesight.
                  | (SInv) [Xom's mischief]
 44103 | Depths:3 | Lost mutation: You are strong-willed. (Will+) [Xom's
                  | mischief]
 44103 | Depths:3 | Lost mutation: You are partially covered in large bone
                  | plates. (SH +4) [Xom's mischief]
 44166 | Zot:1    | Entered Level 1 of the Realm of Zot
 44195 | Zot:1    | XOM: noise
 44210 | Zot:1    | XOM: 1-stop teleportation journey
 44263 | Zot:1    | XOM: summons friendly iron imp
 44414 | Depths:4 | XOM: stat loss: -1 Str (7/8)
 44440 | Zot:1    | XOM: cast spell 'Fugue of the Fallen'
 44465 | Zot:1    | XOM: potion effect (heal wounds)
 44813 | Zot:1    | XOM: summons 3 hostile demons
 44828 | Zot:1    | Noticed a curse toe
 44834 | Zot:1    | XOM: swap monsters
 45171 | Zot:1    | Killed a curse toe
 45261 | Zot:2    | XOM: give mutations
 45261 | Zot:2    | Gained mutation: Your spells are harder to cast, but more
                  | powerful. [Xom's grace]
 45261 | Zot:2    | Gained mutation: You are completely covered in iridescent
                  | scales. (AC +6) [Xom's grace]
 45261 | Zot:2    | Gained mutation: You are somewhat resistant to further
                  | mutation. [Xom's grace]
 45261 | Zot:2    | Gained mutation: You have hoof-like feet. [Xom's grace]
 45275 | Zot:2    | XOM: scenery: create altars
 45339 | Zot:2    | XOM: noise
 45348 | Zot:2    | Reached skill level 24 in Long Blades
 45556 | Zot:2    | XOM: polymorph moth of wrath -> boulder beetle
 46002 | Zot:2    | Found a large runed translucent door.
 46003 | Zot:2    | Found a large runed translucent door.
 46003 | Zot:2    | Noticed Pirukh's ghost (veteran MiFi)
 46032 | Zot:2    | Got the Enchiridion on Company and the Faeries
 46087 | Zot:3    | XOM: polymorph protean progenitor -> shapeshifter
 46098 | Zot:3    | XOM: summons 14 friendly demons
 46109 | Zot:3    | XOM: summons friendly red devil
 46263 | Zot:3    | XOM: scenery: create altars
 46302 | Zot:3    | XOM: fog
 46311 | Zot:3    | XOM: 1-stop teleportation journey
 46407 | Zot:3    | XOM: god gift: wand of paralysis (7)
 46572 | Zot:3    | Noticed a curse toe
 46572 | Zot:3    | Noticed Grunn
 46572 | Zot:3    | XOM: 6-stop teleportation journey
 46843 | Zot:3    | XOM: 4-stop teleportation journey
 46865 | Zot:4    | XOM: summons 2 friendly demons
 46895 | Zot:3    | XOM: summons 1 hostile demon
 46897 | Zot:3    | XOM: confuse monster(s)
 46902 | Zot:3    | XOM: enchant monster (good)
 46964 | Zot:4    | XOM: noise
 46978 | Zot:3    | XOM: summons 5 friendly demons
 47000 | Zot:3    | Killed a curse toe
 47151 | Zot:3    | Reached XP level 24. HP: 206/256 MP: 17/22
 47218 | Zot:4    | XOM: blink monster(s)
 47237 | Zot:3    | XOM: 4-stop teleportation journey
 47241 | Zot:3    | XOM: confusion (+ monsters)
 47253 | Zot:3    | Killed Grunn
 47725 | Zot:4    | XOM: give mutation
 47725 | Zot:4    | Lost mutation: Your spells are harder to cast, but more
                  | powerful. [Xom's mischief]
 47770 | Zot:4    | XOM: give mutations
 47770 | Zot:4    | Lost mutation: Your spells are a little harder to cast, but
                  | a little more powerful. [Xom's mischief]
 47770 | Zot:4    | Lost mutation: Your flesh is cold resistant. (rC+) [Xom's
                  | mischief]
 47770 | Zot:4    | Lost mutation: You passively map a small area around you.
                  | [Xom's mischief]
 47886 | Zot:4    | XOM: silly message
 47893 | Zot:4    | Reached skill level 25 in Long Blades
 48069 | Zot:4    | XOM: confusion (+ monsters)
 48086 | Zot:4    | XOM: confuse monster(s)
 48347 | Zot:4    | XOM: summons 2 friendly demons
 48375 | Zot:4    | XOM: 1-stop teleportation journey
 48384 | Zot:4    | Reached skill level 15 in Evocations
 48396 | Zot:4    | XOM: confusion (+ monsters)
 48407 | Zot:4    | XOM: summons friendly iron imp
 48474 | Zot:4    | XOM: cast spell 'Iskenderun's Battlesphere'
 48481 | Zot:4    | XOM: silly message
 48486 | Zot:4    | XOM: enchant monster (good)
 48657 | Zot:4    | XOM: confuse monster(s)
 49077 | Zot:4    | XOM: give mutations
 49077 | Zot:4    | Gained mutation: Your flesh is almost immune to the effects
                  | of heat. (rF+++) [Xom's grace]
 49077 | Zot:4    | Gained mutation: You are agile. (Dex +4, Str/Int -1) [Xom's
                  | grace]
 49077 | Zot:4    | Lost mutation: You have hoof-like feet. [Xom's grace]
 49077 | Zot:4    | Lost mutation: You have large cloven feet. [Xom's grace]
 49077 | Zot:4    | Gained mutation: You have sharp toenails. [Xom's grace]
 49077 | Zot:4    | Gained mutation: You are partially covered in large bone
                  | plates. (SH +4) [Xom's grace]
 49123 | Zot:5    | Entered Level 5 of the Realm of Zot
 49161 | Zot:5    | XOM: noise
 49163 | Zot:5    | XOM: polymorph Orb Guardian -> spark wasp
 49528 | Zot:5    | Noticed a Killer Klown
 49532 | Zot:5    | XOM: summons 5 friendly demons
 49535 | Zot:5    | Killed a Killer Klown
 49691 | Zot:5    | Noticed an orb of fire
 49693 | Zot:5    | XOM: summons friendly crimson imp
 49703 | Zot:5    | Lost mutation: You are agile. (Dex +4, Str/Int -1) [an orb
                  | of fire]
 49705 | Zot:5    | Killed an orb of fire
 49727 | Zot:5    | Noticed a Killer Klown
 49733 | Zot:5    | Killed a Killer Klown
 49766 | Zot:5    | Noticed a Killer Klown
 49767 | Zot:5    | Noticed a Killer Klown
 49767 | Zot:5    | Noticed an orb of fire
 49767 | Zot:5    | Noticed an orb of fire
 49768 | Zot:5    | Noticed an ancient lich
 49778 | Zot:5    | Gained mutation: You sometimes lose your temper in combat.
                  | [an orb of fire]
 49779 | Zot:5    | Killed an orb of fire
 49784 | Zot:5    | Killed an orb of fire
 49785 | Zot:5    | Reached skill level 26 in Long Blades
 49790 | Zot:5    | Killed a Killer Klown
 49792 | Zot:5    | Noticed a Killer Klown
 49795 | Zot:5    | XOM: chaos upgrade
 49797 | Zot:5    | XOM: blink monster(s)
 49801 | Zot:5    | Noticed an orb of fire
 49805 | Zot:5    | Killed an ancient lich
 49810 | Zot:5    | XOM: noise
 49814 | Zot:5    | Killed an orb of fire
 49823 | Zot:5    | Killed a Killer Klown
 49829 | Zot:5    | Killed a Killer Klown
 49887 | Zot:5    | Noticed a Killer Klown
 49887 | Zot:5    | Noticed an ancient lich
 49887 | Zot:5    | XOM: 4-stop teleportation journey
 49952 | Zot:5    | Noticed an orb of fire
 49960 | Zot:5    | XOM: potion effect (invisibility)
 49968 | Zot:5    | Noticed a Killer Klown
 49972 | Zot:5    | XOM: cast spell 'Summon Cactus Giant'
 49975 | Zot:5    | Gained mutation: Armour fits poorly on your strangely
                  | shaped body. [an orb of fire]
 49978 | Zot:5    | XOM: confuse monster(s)
 49979 | Zot:5    | Noticed an ancient lich
 49982 | Zot:5    | Noticed a Killer Klown
 49983 | Zot:5    | Killed an ancient lich
 49989 | Zot:5    | Killed an orb of fire
 49998 | Zot:5    | Killed an ancient lich
 50001 | Zot:5    | Noticed an ancient lich
 50005 | Zot:5    | Killed a Killer Klown
 50006 | Zot:5    | Reached XP level 25. HP: 258/267 MP: 22/22
 50007 | Zot:5    | Noticed a Killer Klown
 50009 | Zot:5    | XOM: blink monster(s)
 50015 | Zot:5    | XOM: noise
 50015 | Zot:5    | Noticed a Killer Klown
 50164 | Zot:5    | Killed an ancient lich
 50170 | Zot:5    | Killed a Killer Klown
 50191 | Zot:5    | XOM: silly message
 50194 | Zot:5    | XOM: swap monsters
 50205 | Zot:5    | Killed a Killer Klown
 50208 | Zot:5    | Killed a Killer Klown
 50211 | Zot:5    | Killed a Killer Klown
 50343 | Zot:5    | XOM: scenery: create altars
 50447 | Zot:5    | XOM: polymorph Orb Guardian -> cyan ugly thing
 50560 | Zot:5    | Got the Orb of Zot
 50578 | Zot:5    | Noticed Tumom the pandemonium lord
 50588 | Zot:5    | XOM: noise
 50594 | Zot:5    | Paralysed by Tumom for 3 turns
 50604 | Zot:5    | XOM: noise
 50605 | Zot:5    | XOM: fog
 50623 | Zot:4    | XOM: fog
 50645 | Zot:4    | XOM: confusion
 50656 | Zot:4    | Reached skill level 27 in Long Blades
 50693 | Zot:3    | XOM: summons 2 hostile demons
 50839 | Depths:4 | XOM: enchant monster (bad)
 50867 | Depths:4 | XOM: summons 2 hostile demons
 51171 | D:7      | Noticed Cidedgh the pandemonium lord
 51171 | D:7      | Noticed an ancient lich
 51341 | D:$      | Escaped with the Orb!

Illustrated notes

Levels and vault maps discovered:
D:1:      minmay_arrival_nine_rooms, layout_loops_ring
D:2:      layout_loops_ring, lemuel_flame_loot_1
D:3:      layout_basic, nicolae_overflow_hidden_temple,
          kennysheep_decorative_pillar
D:4:      layout_basic, serial_shops, shop, nicolae_shop_dealshenge, shop,
          uniq_duvessa
D:5:      layout_basic, kennysheep_little_box,
          minmay_temple_entry_statues_fountains, serial_glass, glass_columns_b,
          glass_columns_b, glass_columns_b, minmay_strange_pillars,
          minmay_strange_pillars, item_on_display_a
D:6:      layout_loops_ring, uniq_eustachio, uniq_blork_the_orc
D:7:      layout_basic
D:8:      layout_basic, uniq_erica
D:9:      layout_rooms, due_lair_maze_entry_diamond
D:10:     layout_irregular_city, gammafunk_ghost_grave, uniq_erolcha
D:11:     minmay_the_grid_triangle_9x9_line_8_mashed
          [minmay_the_grid_triangle_9x9_descending_squares,
          minmay_the_grid_triangle_9x9_fully_insulated_deathbox,
          minmay_the_grid_triangle_9x9_intruding_spiral,
          minmay_the_grid_triangle_9x9_minimal,
          minmay_the_grid_triangle_9x9_warning,
          minmay_the_grid_triangle_9x9_from_above,
          minmay_the_grid_triangle_9x9_limited_checkers,
          minmay_the_grid_triangle_9x9_prize_insulated], layout_loops_ring,
          uniq_josephine
D:12:     layout_basic, hiddenorc2_lemuel, nicolae_trove_entry_diagonal,
          nicolae_lava_and_water
D:13:     layout_rooms
D:14:     layout_cave_pools, david_vaults_4, gammafunk_ghost_berserking_beasts,
          nicolae_ru_path_of_blood, gauntlet_entry_generic,
          nrook_guardian_serpent_ordinary, uniq_roxanne
D:15:     grunt_enter_depths_hoard, layout_loops_ring, ebering_ghost_xom,
          nicolae_concentric_dashed_squares_wild, grunt_potential, uniq_louise
Temple:   nicolae_temple_two_arcs
Lair:1:   dreamdust_isle_of_ice, layout_big_grid, nicolae_lair_liquid_snakes
Lair:2:   layout_long_grid, guppyfry_snake_entry_island, grunt_megastairs_1,
          uniq_gastronok
Lair:3:   layout_loops_ring, alex1729_swamp_entry_worm_eleionoma,
          gammafunk_ghost_ooze, lemuel_fruit_tree, grunt_megastairs_2,
          infiniplex_staircase_pool_2, serial_bayou_shore_b,
          serial_bayou_shore_a
Lair:4:   layout_gridlike, slime_entry_1, pdpol_lair_neglected_garden,
          eino_small_chamber_without_monster, minivault_11,
          infiniplex_staircase_pool, serial_bayou_shore_b
Lair:5:   hellmonk_lair_end_abyssal_woods, layout_gridlike, lemuel_fruit_fields
Swamp:1:  layout_falls_marsh, evilmike_swamp_ruin_wall,
          nicolae_swamp_decorative_isthmus, nicolae_swamp_long_stream
Swamp:2:  layout_basic_swamp, nicolae_swamp_round_clearing, swamp_pool_4,
          nicolae_swamp_feature_on_the_river_bank
Swamp:3:  layout_basic_swamp, serial_swamp_ruin, evilmike_swamp_ruin_house_6,
          evilmike_swamp_ruin_house_4, evilmike_swamp_ruin_house_3,
          uniq_bai_suzhen, uniq_mara
Swamp:4:  swamp_alternative, layout_basic_swamp, ebering_ghost_rock_garden
Snake:1:  layout_onion, serial_shops, shop
Snake:2:  layout_basic, serial_shops, shop,
          serial_library_regret_index_double_sided, nicolae_triple_integral
Snake:3:  layout_chambers, serial_shops, nicolae_square_shop,
          grunt_ministairs_13
Snake:4:  grunt_snake_rune_pools, layout_gridlike, st_stairs_5,
          nicolae_shop_gadgets, minmay_shop_star
Orc:1:    layout_caves
Orc:2:    st_orc_open, layout_diamond_mine
Vaults:1: v_misc_5, v_pattern_4, v_misc_25, v_misc_4,
          nicolae_vaults_network_star, vaults_room_door_hall, v_alt_pattern_2,
          nicolae_vaults_murderbox, serial_ice_g,
          nicolae_vaults_trapezoid_lopsided_1, layout_vaults_big_cross
Vaults:2: gammafunk_ghost_cemetery, grunt_vaults_diagonal,
          nicolae_vaults_door_testing_chamber, v_misc_28, v_misc_4, v_misc_28,
          serial_ice_g, nicolae_vaults_enemy_cabinets,
          nicolae_vaults_tetromino_L_2, nicolae_vaults_network_quincunx
          [nicolae_vaults_network_quincunx_subvault,
          nicolae_vaults_network_quincunx_subvault,
          nicolae_vaults_network_quincunx_subvault,
          nicolae_vaults_network_quincunx_subvault,
          nicolae_vaults_network_quincunx_subvault],
          nicolae_vaults_little_squares_6, v_misc_19, vaults_dpeg_doors,
          vaults_mumra_lcd, v_misc_1, nicolae_vaults_house_2,
          nicolae_vaults_diagonal_hallway_8, layout_vaults_maze, serial_shops,
          shop
Vaults:3: hangedman_vaults_stream, nicolae_vaults_stairing_the_circle,
          nicolae_vaults_whirlpool_walls, minmay_crypt_entry_simple_walls,
          hangedman_vaults_unwind, nicolae_vaults_diagonal_hallway_8,
          vaults_mumra_minichess_inversion, nicolae_vaults_tangram_1, v_misc_24,
          nicolae_vaults_big_ls, nicolae_vaults_shelves_hall,
          dpeg_vaults_monster_box, ontoclasm_vaults_ring_square,
          nicolae_vaults_tetromino_T_1, layout_vaults_omnibox, uniq_nikola
Vaults:4: nicolae_vaults_taking_the_gang_shopping,
          nicolae_vaults_variable_pillar_hall, hangedman_vaults_restitches,
          nicolae_vaults_stepped_doors, hangedman_vaults_impose, v_rooms_3,
          v_misc_30, vaults_room_pools, vaults_mumra_chevron, minmay_orc_keep,
          vaults_dpeg_ring, nicolae_vaults_tetromino_Z_1,
          nicolae_vaults_trapezoid_lopsided_3, layout_vaults_omnigrid
Vaults:5: uniq_boris
Depths:1: layout_honeycomb, hell_entry, kennysheep_nondescript, st_stairs_2,
          minmay_hedge_maze, kennysheep_treasure_room, grunt_megastairs_3
Depths:2: wad_courtyard, layout_gridlike, enter_ziggurat_b,
          rand_demon_pan_entry_3, hell_entry, kennysheep_okawaru_gauntlet,
          infiniplex_staircase_split_hallway
Depths:3: minmay_chopped_fan, layout_cave_pools,
          regret_index_abyss_entry_earlier_magic, pf_hell_entry_tar_spiral,
          minmay_staircase_bubble, firewood_loft, uniq_parghit
Depths:4: evilmike_zot_entry_hall, layout_cave_shapes, hell_entry,
          ashenzari_altar_1, serial_shops, nicolae_lakefront_shop,
          nicolae_inconvenience_store, nicolae_shop_rolling_square,
          ebering_ghost_inner_flame, minmay_misc_feat_rugged
Zot:1:    layout_misc_corridors, zot_minivault_2
Zot:2:    evilmike_crystal_ball_defense, layout_cathedral_of_symmetry,
          ebering_ghost_disaster_area, amethyst_zot_foddershock
Zot:3:    layout_concentric_octagons, regret_index_zotdec_silver_v_v_orig_slice,
          grunt_megastairs_5, uniq_grunn
Zot:4:    lemuel_halls_of_wrath, layout_misc_corridors,
          regret_index_zotdec_decaying_basic
Zot:5:    layout_gridlike

Skill      XL: |  1  2  3  4  5  6  7  8  9 10 11 12 13 14 15 16 17 18 19 20 21 22 23 24 25 |
---------------+----------------------------------------------------------------------------+-----
Fighting       | 4 5 6 7 8 9 10 11 12 13 14 16 17 18 19 20 21 22 23 | 23.7
Axes           | 4 5 |  5.7
Armour         | 1 2 3 4 5 7 8 9 11 12 13 14 15 16 17 18 19 20 21 22 23 | 23.1
Dodging        | 4 5 6 7 8 9 10 11 | 11.5
Stealth        | 1 2 3 4 5 6 7 8 9 |  9.1
Long Blades    | 3 5 8 10 12 14 15 16 17 18 19 20 21 22 23 24 26 27 | 27.0
Shields        | 2 8 11 14 16 18 19 21 23 24 25 26 | 26.5
Evocations     | 3 5 7 8 9 10 11 12 13 14 15 16 | 16.0

Action                     |  1- 3 |  4- 6 |  7- 9 | 10-12 | 13-15 | 16-18 | 19-21 | 22-24 | 25-27 || total
---------------------------+-------+-------+-------+-------+-------+-------+-------+-------+-------++-------
  Melee: Hand axe          |    92 |    94 |    72 |       |       |       |       |       |       ||   258
         Headbutt          |    14 |    23 |    44 |    93 |   326 |   321 |   549 |   606 |    56 ||  2032
         Falchion          |       |       |   110 |       |       |       |       |       |       ||   110
         Unarmed           |       |       |    20 |       |       |       |       |       |       ||    20
         Scimitar          |       |       |       |   417 |  1212 |  1086 |  1358 |  1535 |   166 ||  5774
  Evoke: Wand              |       |     2 |     2 |    14 |     8 |     1 |     3 |     8 |       ||    38
         Condenser vane    |       |       |       |       |       |       |     1 |     4 |       ||     5
         Phial of floods   |       |       |       |       |       |       |     1 |       |       ||     1
         Box of beasts     |       |       |       |       |       |       |       |     3 |       ||     3
    Use: Potion            |       |     2 |       |     5 |     7 |     1 |     1 |    20 |     2 ||    38
         Scroll            |       |       |       |    14 |    18 |     7 |     6 |     6 |     2 ||    53
   Stab: Paralysed         |       |    11 |     4 |       |     1 |       |     1 |     1 |       ||    18
         Confused          |       |       |     5 |     5 |     5 |    11 |     2 |    25 |     1 ||    54
         Sleeping          |       |       |     3 |     4 |     6 |     7 |     3 |       |       ||    23
         Distracted        |       |       |     1 |     1 |     5 |    13 |     5 |     9 |       ||    34
         Petrified         |       |       |       |     3 |     4 |       |       |       |       ||     7
         Invisible         |       |       |       |       |       |       |     8 |       |       ||     8
 Armour: Robe              |    45 |    27 |       |       |       |       |       |       |       ||    72
         Leather armour    |       |    43 |    69 |       |       |       |       |       |       ||   112
         Steam dragon scal |       |       |    16 |   207 |   380 |   221 |       |       |       ||   824
         Skin              |       |       |     8 |       |       |       |       |       |       ||     8
         Storm dragon scal |       |       |       |       |       |   268 |   732 |   142 |       ||  1142
         Gold dragon scale |       |       |       |       |       |       |       |   992 |   257 ||  1249
  Dodge: Dodged            |    63 |    55 |   238 |   442 |   511 |   200 |   181 |    49 |    51 ||  1790
  Block: Kite shield       |       |       |       |       |  1244 |  1505 |  1990 |  2142 |   173 ||  7054
         Reflection        |       |       |       |       |       |   137 |    96 |    62 |    10 ||   305

Table legend: (Time is in decaauts)
 A = Elapsed time spent in this place.
 B = Non-inter-level travel time spent in this place.
 C = Inter-level travel time spent in this place.
 D = Time resting spent in this place.
 E = Time spent auto-exploring this place.
 F = Levels seen in this place.
 G = Mean time per level.
                   A        B        C        D        E       F      G
               +--------+--------+--------+--------+--------+-----+--------+
         Total |  50648 |  46202 |   4446 |   5212 |  30656 |  46 | 1101.0 |
       Dungeon |  15795 |  13928 |   1867 |    918 |  10400 |  15 | 1053.0 |
        Temple |     21 |     13 |      8 |      0 |      0 |   1 |   21.0 |
          Lair |   6645 |   6323 |    322 |    859 |   4279 |   5 | 1329.0 |
         Swamp |   3401 |   3276 |    125 |    813 |   1745 |   4 |  850.2 |
     Snake Pit |   3612 |   3416 |    196 |     55 |   2597 |   4 |  903.0 |
  Orcish Mines |   1235 |   1115 |    120 |     51 |    721 |   2 |  617.5 |
        Vaults |   7487 |   6705 |    782 |    609 |   4401 |   5 | 1497.4 |
        Depths |   5695 |   5006 |    689 |    602 |   3092 |   4 | 1423.8 |
           Zot |   6180 |   5848 |    332 |   1304 |   2977 |   5 | 1236.0 |
      Gauntlet |    572 |    572 |      0 |      0 |    441 |   1 |  572.0 |
               +--------+--------+--------+--------+--------+-----+--------+

Top non-repeatable levels by time:
  Lair:1: 1988 daAuts
   Zot:3: 1703 daAuts
Depths:2: 1666 daAuts
Depths:1: 1630 daAuts
Vaults:1: 1619 daAuts
Vaults:3: 1577 daAuts
Vaults:4: 1543 daAuts
    D:10: 1537 daAuts
Vaults:5: 1514 daAuts
    D:15: 1501 daAuts
Depths:4: 1459 daAuts
  Lair:5: 1422 daAuts
    D:11: 1385 daAuts
   Zot:4: 1344 daAuts
   Zot:5: 1294 daAuts
